 Dungeon Crawl Stone Soup version 0.29-a0-732-g3d7fbe0af2 (webtiles) character file.

Game seed: 5442129408366557769

44 Zonian the Chiller (level 3, -1/16 HPs)
             Began as a Vine Stalker Ice Elementalist on June 30, 2022.
             Slain by a gnoll
             ... wielding a +0 spear
              (5 damage)
             ... on level 1 of the Dungeon.
             The game lasted 00:02:24 (1859 turns).

Zonian the Chiller (Vine Stalker Ice Elementalist)  Turns: 1859, Time: 00:02:25

Health: -1/16      AC:  7    Str: 10    XL:     3   Next: 60%
Magic:  0/8        EV: 12    Int: 15    God:
Gold:   70         SH:  0    Dex: 16    Spells: 6/7 levels left

rFire   . . .      SeeInvis .   f - +0 short sword
rCold   . . .      Faith    .   (no shield)
rNeg    . . .      Spirit   +   i - +3 leather armour
rPois   .          Reflect  .   k - +0 helmet
rElec   .          Harm     .   (no cloak)
rCorr   .          Rampage  .   (no gloves)
Will    .....                   (no boots)
Stlth   ++........              (no amulet)
HPRegen 0.05/turn               (no ring)
MPRegen 0.11/turn               (no ring)

@: no status effects
A: fangs 2, magic shield, antimagic bite, no potion heal 2
a: no special abilities


You were on level 1 of the Dungeon.
You visited 1 branch of the dungeon, and saw 2 of its levels.

You collected 70 gold pieces.

Inventory:

Hand Weapons
 e - a +0 dagger
 f - a +0 short sword (weapon)
Armour
 i - a +3 leather armour (worn)
 k - a +0 helmet (worn)
Scrolls
 c - a scroll of noise {unknown}
 g - 2 scrolls of teleportation {unknown}
 h - 3 scrolls of identify {unknown}
 j - a scroll of brand weapon {unknown}
Potions
 b - a potion of magic
 d - a potion of haste {unknown}


   Skills:
 + Level 2.1 Dodging
 + Level 3.2 Stealth
 + Level 2.7 Spellcasting
 + Level 4.3 Ice Magic


You had 6 spell levels left.
You knew the following spells:

 Your Spells              Type           Power      Damage    Failure   Level
a - Freeze                Ice            60%        1d8       4%          1

Your spell library contained the following spells:

 Spells                   Type           Power      Damage    Failure   Level
 Frozen Ramparts          Ice            30%        1d5       14%         3
 Ozocubu's Armour         Ice            15%        N/A       14%         3
 Hailstorm                Conj/Ice       8%         3d4       75%         4


Dungeon Overview and Level Annotations

Branches:
Dungeon (2/15)

Altars:


Innate Abilities, Weirdness & Mutations

You have extremely sharp teeth.
When hurt, damage is shared between your health and your magic reserves.
Your bite disrupts and absorbs the magic of your enemies.
Potions cannot restore your health.


Message History

Casting: Freeze (safe; 4% risk of failure)
Confirm with . or Enter, or press ? or * to list all spells.
Aiming: Freeze (safe; 4% risk of failure)
Press: ? - help, Shift-Dir - straight line, f/p - gnoll
Aim: a gnoll, wielding a +0 spear (heavily wounded)
You freeze the gnoll.
The gnoll is heavily wounded.
The gnoll hits you with a +0 spear.
Unknown command.
Casting: Freeze (safe; 4% risk of failure)
Confirm with . or Enter, or press ? or * to list all spells.
Aiming: Freeze (safe; 4% risk of failure)
Press: ? - help, Shift-Dir - straight line, f/p - gnoll
Aim: a gnoll, wielding a +0 spear (heavily wounded)
You freeze the gnoll.
The gnoll is severely wounded.
The gnoll barely misses you.
Unknown command.
Casting: Freeze (safe; 4% risk of failure)
Confirm with . or Enter, or press ? or * to list all spells.
You don't have enough magic to cast this spell.
Unknown command.
Unknown command.
You hit the gnoll but do no damage. You bite the gnoll, but do no damage.
The gnoll is severely wounded.
The gnoll misses you.
You closely miss the gnoll.
The gnoll is severely wounded.
The gnoll misses you.
You closely miss the gnoll.
The gnoll is severely wounded.
The gnoll barely misses you.
You closely miss the gnoll.
The gnoll is severely wounded.
The gnoll hits you with a +0 spear.
* * * LOW HITPOINT WARNING * * *
You closely miss the gnoll.
The gnoll is severely wounded.
The gnoll hits you with a +0 spear.
You die...

#.# ###.# #.# #.# #.#
#.# #.# #.######### #.#
#.......†.## #)#
#########... #.# ####
#.################
#.....@g.........######
################.......
########


You could see a gnoll.

Vanquished Creatures
  An adder (D:2)
  A worm (D:2)
  2 dart slugs (D:2)
  4 ball pythons
  A giant cockroach (D:1)
  3 goblins
  3 hobgoblins
  4 kobolds (D:1)
  4 bats
  A frilled lizard (D:2)
  3 rats
27 creatures vanquished.

Vanquished Creatures (others)
  11 toadstools (D:2)
11 creatures vanquished.

Grand Total: 38 creatures vanquished

Notes
Turn   | Place    | Note
-------+----------+-------------------------------------------
     0 | D:1      | Zonian the Vine Stalker Ice Elementalist began the quest
                  | for the Orb.
     0 | D:1      | Reached XP level 1. HP: 9/9 MP: 4/4
   314 | D:1      | Reached XP level 2. HP: 9/13 MP: 0/6
   476 | D:1      | Found a faded altar of an unknown god.
  1088 | D:2      | Reached XP level 3. HP: 7/16 MP: 4/7
  1859 | D:1      | Slain by a gnoll

Illustrated notes

Levels and vault maps discovered:
D:1:      psy_arrival_dodecagon, layout_loops_ring, basic_ecumenical_altar,
          hangedman_decor_opposing
D:2:      cheibrodos_fertilizer, layout_basic, minmay_tetromino_o2

Skill      XL: |  1  2 |
---------------+-------+-----
Stealth        | 3 |  3.2
Dodging        | 2 |  2.1
Spellcasting   | |  2.7
Ice Magic      | |  4.3

Action                   || total
-------------------------++-------
Melee: Short sword       ||    37
       Bite              ||     8
 Cast: Freeze            ||    32
 Stab: Sleeping          ||     2
Armor: Robe              ||     5
       Leather armour    ||     8
Dodge: Dodged            ||    37

Table legend: (Time is in decaauts)
 A = Elapsed time spent in this place.
 B = Non-inter-level travel time spent in this place.
 C = Inter-level travel time spent in this place.
 D = Time resting spent in this place.
 E = Time spent auto-exploring this place.
 F = Levels seen in this place.
 G = Mean time per level.
                   A        B        C        D        E       F      G
               +--------+--------+--------+--------+--------+-----+--------+
         Total |   1864 |   1825 |     39 |    568 |    928 |   2 |  932.0 |
       Dungeon |   1864 |   1825 |     39 |    568 |    928 |   2 |  932.0 |
               +--------+--------+--------+--------+--------+-----+--------+

Top non-repeatable levels by time:
     D:1: 1215 daAuts
     D:2: 649 daAuts
